 Dungeon Crawl Stone Soup version 0.28-a0-1506-g3893175d92 (webtiles) character file.

Game seed: 5578422871096476410

38918 Essalna the Arsonist (level 13, 0/106 HPs)
             Began as a Demonspawn Fire Elementalist on Jan 14, 2022.
             Was an Elder of Ashenzari.
             Splashed by a goliath frog's acid (2 damage)
             ... while petrified by a basilisk
             ... on level 6 of the Lair of Beasts.
             The game lasted 00:53:59 (23286 turns).

Essalna the Arsonist (DsFE)                        Turns: 23286, Time: 00:54:00

Health: 0/106      AC:  5    Str: 10    XL:     13   Next: 66%
Magic:  10/29      EV:  2    Int: 21    God:    Ashenzari [****..]
Gold:   1121       SH:  0    Dex: 13    Spells: 24/37 levels left

rFire   . . .      SeeInvis +   m - +2 dagger of Ashenzari's Liberalism {venom, Elem, Fort} (curse)
rCold   . . .      Faith    .   f - +0 buckler "Per Aspera Ad Scientiam" {Evo, Elem} (curse)
rNeg    + + +      Spirit   .   w - +1 troll leather armour "Shattered Panentheism" {Regen+, Bglg, Range} (curse)
rPois   ∞          Reflect  .   (helmet restricted)
rElec   .          Harm     .   p - +0 cloak of Apeoromancy {Range, Bglg} (curse)
rCorr   +          Rampage  .   n - +1 pair of gloves of Ashenzari's Insecurity {Alch, Self} (curse)
Will    .....      Clarity  +   (no boots)
Stlth   ++........              (no amulet)
HPRegen 1.07/turn               t - ring "Thunder Perfect Mind" {rCorr, Fort, Evo} (curse)
MPRegen 0.21/turn               x - ring of Ashenzari's Chagrin {Wiz, Alch, Cun} (curse)

@: lethally poisoned (0 -> 0), petrified, corroded
A: antennae 2, slimy green scales 2, condensation shield, demonic magic 2
a: Renounce Religion, Curse Item, Shatter the Chains


You were on level 6 of the Lair of Beasts.
You worshipped Ashenzari.
Ashenzari was greatly pleased with you.
You visited 3 branches of the dungeon, and saw 17 of its levels.
You also visited: Sewer.

You collected 1121 gold pieces.

Inventory:

Hand Weapons
 b - a +0 whip
 i - a +1 dagger of venom
 m - the cursed +2 dagger of Ashenzari's Liberalism (weapon) {venom, Elem, Fort}
   (You took it off a goblin on level 2 of the Dungeon)

   It poisons the flesh of those it strikes.
   It has a curse which improves the following skills: Elements: Fire Magic, Ice
   Magic, Air Magic and Earth Magic.
   Fortitude: Armour and Shields.
 o - a +1 hand axe of flaming
Missiles
 z - a throwing net
Armour
 a - a +0 robe
 f - the cursed +0 buckler "Per Aspera Ad Scientiam" (worn) {Evo, Elem}
   (You found it on level 1 of the Dungeon)

   It has a curse which improves the following skills: Evocations: Evocations.
   Elements:  Fire Magic, Ice Magic, Air Magic and Earth Magic.
 n - the cursed +1 pair of gloves of Ashenzari's Insecurity (worn) {Alch, Self}
   (You found it on level 3 of the Dungeon)

   It has a curse which improves the following skills: Alchemy: Poison Magic and
   Transmutations.
   Introspection: Fighting and Spellcasting.
 p - the cursed +0 cloak of Apeoromancy (worn) {Range, Bglg}
   (You found it on level 4 of the Dungeon)

   It has a curse which improves the following skills: Ranged Combat: Slings,
   Bows, Crossbows and Throwing.
   Beguiling: Conjurations, Hexes and Translocations.
 w - the cursed +1 troll leather armour "Shattered Panentheism" (worn) {Regen+, Bglg, Range}
   (You found it on level 9 of the Dungeon)

   Regen:     It increases your rate of health regeneration.
   It has a curse which improves the following skills: Beguiling: Conjurations,
   Hexes and Translocations.
   Ranged Combat: Slings, Bows, Crossbows and Throwing.
Jewellery
 t - the cursed ring "Thunder Perfect Mind" (left hand) {rCorr, Fort, Evo}
   (You found it on level 5 of the Dungeon)

   [ring of resist corrosion]

   rCorr:     It protects you from acid and corrosion.
   It has a curse which improves the following skills: Fortitude: Armour and
   Shields.
   Evocations: Evocations.
 x - the cursed ring of Ashenzari's Chagrin (right hand) {Wiz, Alch, Cun}
   (You found it on level 6 of the Dungeon)

   [ring of wizardry]

   It improves your spell success rate.
   It has a curse which improves the following skills: Alchemy: Poison Magic and
   Transmutations.
   Cunning:   Dodging and Stealth.
 y - a ring of wizardry
 F - a ring of wizardry
Wands
 e - a wand of polymorph (5)
 B - a wand of charming (2)
 G - a wand of iceblast (5)
 H - a wand of paralysis (11)
 K - a wand of digging (6)
Scrolls
 c - 4 scrolls of teleportation
 d - 15 scrolls of identify
 u - a scroll of fog
 I - a scroll of fear
 J - a scroll of magic mapping
 L - a scroll of amnesia
Potions
 g - 3 potions of brilliance
 h - 5 potions of might
 j - 3 potions of berserk rage
 k - 4 potions of magic
 l - 2 potions of mutation
 q - 4 potions of haste
 r - 6 potions of curing
 s - 4 potions of heal wounds
 v - a potion of invisibility
 A - a potion of ambrosia
 C - 2 potions of cancellation
 E - a potion of flight


   Skills:
 + Level 9.6(11.6) Fighting
 - Level 6.6(9.6) Armour
 - Level 7.0(9.0) Dodging
 - Level 1.7(3.1) Stealth
 - Level 4.0(6.7) Shields
 + Level 10.8(12.7) Spellcasting
 - Level 9.0(12.0) Conjurations
 + Level 11.0(14.0) Fire Magic
 + Level 3.8(6.5) Earth Magic


You had 24 spell levels left.
You knew the following spells:

 Your Spells              Type           Power      Damage    Failure   Level
a - Foxfire               Conj/Fire      100%       2x1d9     1%          1
b - Scorch                Fire           100%       2d10      1%          2
c - Flame Wave            Conj/Fire      61%        2d10      1%          4
d - Iron Shot             Conj/Erth      25%        9d5       11%         6

Your spell library contained the following spells:

 Spells                   Type           Power      Damage    Failure   Level
 Conjure Flame            Conj/Fire      61%        6-21      1%          3
 Inner Flame              Hex/Fire       43%        N/A       1%          3
 Beastly Appendage        Tmut           30%        N/A       2%          1
 Corpse Rot               Necr/Air       28%        N/A       4%          2
 Wereblood                Tmut           15%        N/A       4%          2
 Lee's Rapid Deconstruct  Erth           20%        3d13*     6%          5
 Leda's Liquefaction      Hex/Erth       13%        N/A       8%          4
 Gell's Gravitas          Tloc           15%        N/A       9%          3
 Lesser Beckoning         Tloc           15%        N/A       9%          3
 Spider Form              Tmut/Pois      15%        N/A       9%          3
 Teleport Other           Tloc           15%        N/A       9%          3
 Animate Armour           Summ/Erth      54%        N/A       9%          4
 Animate Dead             Necr           6%         N/A       30%         4
 Dispel Undead            Necr           13%        3d9       30%         4
 Blade Hands              Tmut           7%         N/A       56%         5
 Statue Form              Tmut/Erth      18%        N/A       71%         6
 Death Channel            Necr           6%         N/A       99%         6
 Haunt                    Necr/Summ      6%         N/A       100%        7
 Infestation              Necr           6%         N/A       100%        8


Dungeon Overview and Level Annotations

Branches:
Dungeon (10/15)            Temple (1/1) D:5            Lair (6/6) D:10
  Swamp (0/4) Lair:3        Snake (0/4) Lair:2          Orc (0/2) D:10
  Sewer (visited)
  Slime: Lair:5-6

Altars:
Ashenzari
Cheibriados
Dithmenos
Elyvilon
Fedhas
Gozag
Hepliaklqana
Kikubaaqudgha
Nemelex Xobeh
Okawaru
Qazlal
Ru
Sif Muna
Trog
Uskayaw
Vehumet
Wu Jian
Xom
Yredelemnul
Zin
The Shining One

Shops:
D:4 [   D:5 *   D:7 *

Annotations:
D:9 1 runed translucent door


Innate Abilities, Weirdness & Mutations

You have a pair of antennae on your head.
You are mostly covered in slimy green scales. (AC +3)
A meltable shield of frost defends you. (SH +4)
Spells you cast may paralyse nearby enemies.


Message History

The elephant trunk-slaps you but does no damage.
The blink frog hits you but does no damage.
The elephant tramples you but does no damage.
The elephant trunk-slaps you but does no damage.
The goliath frog hits you from afar.
You are splashed with acid.
You resist. The jelly hits you but does no damage.
The blink frog barely misses you. The yak gores you. The elephant tramples you.
You hold your ground!
The elephant trunk-slaps you but does no damage.
A yak comes into view.
The goliath frog hits you from afar!
You are splashed with acid.
You resist.
The blink frog blinks!
The elephant tramples you.
You hold your ground!
The elephant trunk-slaps you. The yak gores you but does no damage.
The jelly hits you but does no damage.
An endoplasm comes into view.
The blink frog hits you!
The blink frog blinks!
The goliath frog hits you from afar!
* * * LOW HITPOINT WARNING * * *
You are splashed with acid.
You resist.
* * * LOW HITPOINT WARNING * * *
The yak gores you!
* * * LOW HITPOINT WARNING * * *
The elephant tramples you!
* * * LOW HITPOINT WARNING * * *
You hold your ground!
The elephant trunk-slaps you but does no damage.
The jelly jiggles.
The elephant tramples you but does no damage.
The elephant trunk-slaps you but does no damage.
The jelly hits you.
* * * LOW HITPOINT WARNING * * *
The acid corrodes you!
You are splashed with acid.
You resist.
* * * LOW HITPOINT WARNING * * *
The dream sheep bites you!
* * * LOW HITPOINT WARNING * * *
The yak bellows!
The goliath frog hits you from afar!!
* * * LOW HITPOINT WARNING * * *
You are splashed with acid.
You resist.
You die...

, *≈≈ * *, * , **
##≈≈≈≈......J.#, * , , * ≈
≈ #≈≈≈..........#,,, , ≈
≈#≈≈≈..........## * ≈
≈≈P≈..≈.........#* , , , ≈
≈ ≈≈P≈≈.............,, , ,
, ≈≈≈......J...... ,,* ,,
≈ ≈ ≈≈.....JYYF.......P#*
* *≈
,P≈≈≈Y.YJ@YD............,,
≈ ≈ ,≈
≈≈..≈###YYJ............ *
≈ ≈ ,≈≈≈..
.#.#JJF............., *≈ ≈
,,#.#.....#...#....... ≈≈
≈≈ , ,#...##.#.......PPS..
≈ * ≈ ,≈
*#PF.#....../..PPP.., ≈ **
, #.............PP... ≈ *
≈≈, ....##..P..Y#§vP... ≈
, , #.#####<§§..#


You could see a five-headed hydra, 2 elephants, a goliath frog, 4 yaks, 2 blink
frogs, a dream sheep, 6 jellies and an endoplasm (wandering).

Vanquished Creatures
  A boulder beetle (Lair:2)
  5 hydras
  An anaconda (Lair:2)
  An alligator (Lair:2)
  Sonja (Lair:3)
  An ugly thing (D:8)
  An oklob plant (Lair:4)
  2 manticores (Lair:2)
  7 black mambas
  10 elephants
  10 cane toads
  6 komodo dragons
  5 rime drakes
  3 polar bears (Lair:2)
  2 trolls (D:9)
  A hornet (Lair:2)
  6 blink frogs
  9 dream sheep
  A shadow (D:10)
  4 wyverns
  31 yaks
  2 wraiths (D:10)
  8 basilisks
  2 steam dragons (Lair:2)
  4 vampire mosquitoes (Lair:6)
  2 swamp worms (Lair:3)
  20 water moccasins
  2 sky beasts
  6 black bears
  3 orc warriors
  6 ice beasts
  3 ogres (D:6)
  7 wolves (Lair:2)
  5 centaurs
  2 phantoms
  20 bullfrogs
  6 kobold brigands
  A wyvern zombie (D:6)
  10 scorpions
  A water moccasin zombie (D:4)
  2 water moccasin skeletons
  5 killer bees
  A troll zombie (D:10)
  5 centaur zombies
  5 jellies
  A centaur skeleton (D:2)
  6 orc priests
  A gnoll shaman (D:4)
  2 hounds (D:5)
  3 iguanas (D:5)
  10 orc wizards
  5 ogre zombies (D:10)
  2 hound skeletons (D:4)
  A hound zombie (D:5)
  2 howler monkey zombies
  8 gnolls
  2 howler monkey skeletons (D:7)
  8 adders
  11 river rats (Sewer)
  2 shadow imps
  4 white imps
  2 worms (D:4)
  4 dart slugs
  26 orcs
  11 ball pythons
  5 endoplasms
  4 giant cockroaches
  11 goblins
  3 hobgoblins
  8 jackals
  2 quokkas
  6 bats
  6 frilled lizards
  A goblin skeleton (D:10)
  5 goblin zombies (D:10)
  2 hobgoblin skeletons (D:10)
  A hobgoblin zombie (D:10)
  23 kobolds
  10 orc zombies (D:10)
  22 rats
  4 butterflies
460 creatures vanquished.

Vanquished Creatures (collateral kills)
  30 foxfires
30 creatures vanquished.

Vanquished Creatures (others)
  An orc wizard (D:4)
  2334 foxfires
  48 fungi
  82 plants
2465 creatures vanquished.

Grand Total: 2955 creatures vanquished

Notes
Turn   | Place    | Note
-------+----------+-------------------------------------------
     0 | D:1      | Essalna the Demonspawn Fire Elementalist began the quest
                  | for the Orb.
     0 | D:1      | Reached XP level 1. HP: 13/13 MP: 3/3
   431 | D:1      | Gained mutation: You are partially covered in slimy green
                  | scales. (AC +2) [demonic ancestry]
   431 | D:1      | Reached XP level 2. HP: 16/19 MP: 1/5
   477 | D:1      | Found a faded altar of an unknown god.
   608 | D:1      | Reached skill level 3 in Fire Magic
  1049 | D:1      | Gained mutation: You have a pair of small antennae on your
                  | head. [demonic ancestry]
  1049 | D:1      | Reached XP level 3. HP: 24/24 MP: 2/6
  1661 | D:2      | Reached skill level 1 in Shields
  1661 | D:2      | Gained mutation: A meltable shield of frost defends you.
                  | (SH +4) [demonic ancestry]
  1661 | D:2      | Reached XP level 4. HP: 28/30 MP: 0/8
  2811 | D:3      | Gained mutation: Spells you cast may paralyse adjacent
                  | enemies. [demonic ancestry]
  2811 | D:3      | Reached XP level 5. HP: 35/35 MP: 3/9
  3493 | D:3      | Found an ornate altar of the Wu Jian Council.
  3648 | D:4      | Found a sparkling altar of Nemelex Xobeh.
  3648 | D:4      | Found a hazy altar of Hepliaklqana.
  3739 | D:4      | Found Koragug's Antique Armour Emporium.
  3811 | D:4      | Gained mutation: You are mostly covered in slimy green
                  | scales. (AC +3) [demonic ancestry]
  3811 | D:4      | Reached XP level 6. HP: 32/41 MP: 0/11
  3897 | D:4      | Reached skill level 4 in Fire Magic
  4025 | D:4      | Found a glowing drain.
  4042 | Sewer    | Entered a sewer
  4839 | Sewer    | Gained mutation: You have a pair of antennae on your head.
                  | [demonic ancestry]
  4839 | Sewer    | Reached XP level 7. HP: 46/46 MP: 4/13
  5794 | D:4      | Found a shimmering blue altar of Sif Muna.
  6081 | D:5      | Entered Level 5 of the Dungeon
  6081 | D:5      | Found a staircase to the Ecumenical Temple.
  6093 | D:5      | Reached skill level 5 in Fire Magic
  6099 | Temple   | Entered the Ecumenical Temple
  6217 | Temple   | Became a worshipper of Ashenzari the Shackled
  6252 | D:5      | Reached XP level 8. HP: 52/52 MP: 8/15
  6353 | D:5      | Reached skill level 5 in Conjurations
  6724 | D:5      | Reached skill level 5 in Spellcasting
  7163 | D:5      | Found a stormy altar of Qazlal.
  7243 | D:5      | Reached skill level 6 in Fire Magic
  7464 | D:5      | Found Zin's Purification Station.
  7837 | D:6      | Reached * piety under Ashenzari
  8045 | D:6      | Reached XP level 9. HP: 44/57 MP: 19/19
  8384 | D:6      | Learned a level 2 spell: Scorch
  8716 | D:6      | Reached skill level 1 in Fighting
  9291 | D:7      | Found Dedad's General Store.
  9339 | D:7      | Reached ** piety under Ashenzari
  9399 | D:7      | Reached skill level 7 in Fire Magic
  9751 | D:7      | Found a blossoming altar of Fedhas.
 10355 | D:8      | Gained mutation: Spells you cast may paralyse nearby
                  | enemies. [demonic ancestry]
 10355 | D:8      | Reached XP level 10. HP: 73/73 MP: 13/22
 10926 | D:8      | Noticed a white ugly thing
 10954 | D:8      | Killed a white ugly thing
 11520 | D:9      | Reached skill level 8 in Fire Magic
 11947 | D:9      | Found a runed translucent door.
 11949 | D:9      | Found a runed translucent door.
 11969 | D:9      | Reached skill level 5 in Fighting
 12670 | D:10     | Entered Level 10 of the Dungeon
 12890 | D:9      | Reached skill level 1 in Armour
 13285 | D:10     | Found a staircase to the Lair.
 13434 | D:10     | Found a snail-covered altar of Cheibriados.
 13681 | D:10     | Reached *** piety under Ashenzari
 13687 | D:10     | Learned a level 4 spell: Flame Wave
 13778 | D:10     | Reached XP level 11. HP: 76/84 MP: 5/24
 13781 | D:10     | Found a staircase to the Orcish Mines.
 14737 | Lair:1   | Entered Level 1 of the Lair of Beasts
 14907 | Lair:1   | Noticed a four-headed hydra
 14913 | Lair:1   | Killed a four-headed hydra
 15607 | Lair:1   | Reached **** piety under Ashenzari
 15626 | Lair:2   | Identified the +5 ring mail of Magic {Int+4}
 15656 | Lair:2   | Reached skill level 9 in Fire Magic
 15727 | Lair:2   | Found a staircase to the Snake Pit.
 16507 | Lair:2   | Noticed a boulder beetle
 16531 | Lair:2   | Killed a boulder beetle
 16779 | Lair:2   | Reached XP level 12. HP: 84/95 MP: 11/27
 17175 | Lair:2   | Reached skill level 5 in Dodging
 17189 | Lair:2   | Noticed an anaconda
 17198 | Lair:2   | Killed an anaconda
 17871 | Lair:2   | Noticed an alligator
 18093 | Lair:2   | Reached skill level 5 in Armour
 18339 | Lair:2   | Killed an alligator
 18340 | Lair:2   | Reached skill level 10 in Fire Magic
 18433 | Lair:3   | Noticed a seven-headed hydra
 18999 | Lair:3   | Noticed Sonja
 19002 | Lair:3   | Killed Sonja
 19020 | Lair:3   | Killed a seven-headed hydra
 19311 | Lair:3   | Reached skill level 10 in Spellcasting
 19586 | Lair:3   | Learned a level 6 spell: Iron Shot
 19613 | Lair:3   | Found a staircase to the Swamp.
 20329 | Lair:4   | Noticed a five-headed hydra
 20343 | Lair:4   | Noticed a five-headed hydra
 20461 | Lair:4   | Killed a five-headed hydra
 20462 | Lair:4   | Reached skill level 1 in Earth Magic
 20779 | Lair:4   | Reached XP level 13. HP: 104/104 MP: 24/29
 22345 | Lair:5   | Found an ornate altar of the Wu Jian Council.
 22938 | Lair:6   | Entered Level 6 of the Lair of Beasts
 23275 | Lair:6   | Reached skill level 11 in Fire Magic
 23286 | Lair:6   | HP: 2/106 [goliath frog (9)]
 23286 | Lair:6   | Splashed by a goliath frog's acid

Illustrated notes

Levels and vault maps discovered:
D:1:      dpeg_arrival_windows_large_door, layout_loops_cross,
          hellmonk_ecumenical_altar_run_dry,
          hangedman_abyss_or_decor_lesser_grid
D:2:      layout_rooms, basic_altar, cheibrodos_gnoll_hut
D:3:      layout_loops_ring, nzn_wu_jian_contemplation, lightli_corner_chamber
D:4:      layout_basic, demons_altar, led_sif_book,
          mainiacjoe_overflow_catwalk_spiral, cheibrodos_sewer_entry_bend,
          serial_shops, nicolae_shop_crystal
D:5:      layout_loops_ring, zin_purify, nicolae_qazlal_eye_of_the_storm,
          minmay_temple_entry_statues_fountains, serial_aquarium,
          aquarium_bridge_long_joined [aquarium_subvault_wall,
          aquarium_subvault_bridge, aquarium_subvault_bridge,
          aquarium_subvault_bridge, aquarium_subvault_wall,
          aquarium_subvault_window], aquarium_window_1, aquarium_window_2,
          aquarium_window_corridor_1, aquarium_window_corner, aquarium_view_2d,
          grunt_decor_one_mirror
D:6:      minmay_recursive_quarters, layout_basic
D:7:      lemuel_ice_spiral_2, layout_rooms, fedhas_altar_2, serial_shops,
          nicolae_diamond_shop
D:8:      layout_basic, serial_curves, eino_curves_03, eino_curves_02
D:9:      lemuel_insect_pit, layout_loops_corners
D:10:     layout_irregular_city, cheibriados_altar_1, lair_entry_dummy,
          zombieorc1_lemuel, grunt_ministairs_13
Temple:   cyrus_circular_temple
Lair:1:   layout_hall_layers
Lair:2:   layout_layer_cave, dummy_snake_entry, nicolae_lair_lakeside_cave,
          infiniplex_staircase_pool
Lair:3:   layout_hall_layers, minmay_swamp_entry_worms, uniq_sonja
Lair:4:   nzn_winding_woodlands_small [nzn_winding_woodlands_5x15_concentric,
          nzn_winding_woodlands_center_triple_pond,
          nzn_winding_woodlands_5x15_default], layout_cave_pods,
          lemuel_fruit_fields, lemuel_fruit_fields, infiniplex_staircase_pool_2
Lair:5:   layout_gridlike, basic_altar
Lair:6:   minmay_lair_end_frog_pond, layout_misc_corridors,
          minmay_slime_entry_jelly_boxes, hibernation_bobbens

Skill      XL: |  1  2  3  4  5  6  7  8  9 10 11 12 13 |
---------------+----------------------------------------+-----
Fire Magic     | 3 4 5 6 7 8 9 10 11 | 11.0
Conjurations   | 2 3 4 6 7 8 9 |  9.0
Shields        | 1 2 3 4 |  4.0
Spellcasting   | 3 4 6 7 8 9 10 | 10.8
Fighting       | 3 5 7 8 9 |  9.6
Dodging        | 2 4 6 7 |  7.0
Armour         | 1 4 6 |  6.6
Earth Magic    | 1 3 |  3.8
Stealth        | |  1.7

Action                   |  1- 3 |  4- 6 |  7- 9 | 10-12 | 13-15 || total
-------------------------+-------+-------+-------+-------+-------++-------
Melee: Unarmed           |     8 |       |       |       |       ||     8
       Whip              |    10 |       |       |       |       ||    10
       Dagger            |    12 |    71 |    80 |   196 |    48 ||   407
 Cast: Foxfire           |    77 |   174 |   315 |   666 |   144 ||  1376
       Scorch            |       |       |    12 |   182 |    29 ||   223
       Flame Wave        |       |       |       |     6 |    12 ||    18
Invok: Curse Item        |       |       |     3 |     3 |     1 ||     7
  Use: Scroll            |       |     6 |     1 |     4 |     1 ||    12
 Stab: Sleeping          |     1 |     2 |     1 |     1 |     1 ||     6
       Distracted        |     1 |       |       |       |       ||     1
       Paralysed         |       |     4 |    25 |    77 |    11 ||   117
Armor: Robe              |    11 |     9 |    33 |    16 |       ||    69
       Troll leather arm |       |       |       |   123 |    76 ||   199
Dodge: Dodged            |    21 |    36 |    63 |   202 |    88 ||   410
Block: Buckler           |     3 |    32 |    64 |   142 |    70 ||   311

Table legend: (Time is in decaauts)
 A = Elapsed time spent in this place.
 B = Non-inter-level travel time spent in this place.
 C = Inter-level travel time spent in this place.
 D = Time resting spent in this place.
 E = Time spent auto-exploring this place.
 F = Levels seen in this place.
 G = Mean time per level.
                   A        B        C        D        E       F      G
               +--------+--------+--------+--------+--------+-----+--------+
         Total |  23353 |  22328 |   1025 |    229 |  18466 |  18 | 1297.4 |
       Dungeon |  13228 |  12606 |    622 |    229 |  10313 |  10 | 1322.8 |
        Temple |    131 |    119 |     12 |      0 |    105 |   1 |  131.0 |
          Lair |   8566 |   8175 |    391 |      0 |   6826 |   6 | 1427.7 |
         Sewer |   1426 |   1426 |      0 |      0 |   1221 |   1 | 1426.0 |
               +--------+--------+--------+--------+--------+-----+--------+

Top non-repeatable levels by time:
  Lair:2: 2961 daAuts
    D:10: 1812 daAuts
     D:9: 1783 daAuts
  Lair:4: 1767 daAuts
  Lair:5: 1584 daAuts
     D:6: 1442 daAuts
   Sewer: 1426 daAuts
     D:1: 1399 daAuts
     D:4: 1318 daAuts
  Lair:3: 1310 daAuts
     D:3: 1222 daAuts
     D:5: 1212 daAuts
     D:7: 1077 daAuts
     D:2: 996 daAuts
     D:8: 963 daAuts
